 Dungeon Crawl Stone Soup version 0.32-a0-607-g64ea0e4219 (webtiles) character file.

Game seed: 3467545060843335756

1 cforsyth the Grave Robber (level 1, -1/14 HPs)
             Began as a Mountain Dwarf Necromancer on Mar 3, 2024.
             Slain by a gnoll
             ... wielding a +1 flail of protection
              (8 damage)
             ... on level 1 of the Dungeon.
             The game lasted 00:00:47 (61 turns).

cforsyth the Grave Robber (MDNe)                      Turns: 61, Time: 00:00:47

Health: -1/14      AC:  2    Str: 10    XL:     1   Next: 16%
Magic:  0/3        EV: 11    Int: 15    God:
Gold:   0          SH:  0    Dex: 10    Spells: 2/3 levels left

rFire   . . .        (no weapon)
rCold   . . .        (no shield)
rNeg    . . .        a - +0 robe
rPois   .            (no helmet)
rElec   .            (no cloak)
rCorr   .            (no gloves)
SInv    .            (no boots)
Will    .....        (no amulet)
Stlth   ++           (no ring)
HPRegen 0.22/turn    (no ring)
MPRegen 0.08/turn

%: no passive effects
@: no status effects
A: runic magic, artefact enchanting
a: no special abilities


You were on level 1 of the Dungeon.
You visited 1 branch of the dungeon, and saw 1 of its levels.


Innate Abilities, Weirdness & Mutations

Your spellcasting is much less encumbered by armour.
You can use scrolls of enchantment on lesser artefacts.


   Skills:
 + Level 0.2 Fighting
 - Level 1.3 Dodging
 - Level 1.4 Stealth
 - Level 1.7 Spellcasting
 + Level 4.4 Necromancy


You had 2 spell levels left.
You knew the following spells:

 Your Spells              Type           Power      Damage    Failure   Level
X - Necrotise             Necr           56%        1d6       3%          1

Your spell library contained the following spells:

 Spells                   Type           Power      Damage    Failure   Level
 Vampiric Draining        Necr           14%        2d7       11%         3
 Animate Dead             Necr           14%        N/A       36%         4
 Curse of Agony           Necr           14%        N/A       71%         5

Inventory:

Armour
 a - a +0 robe (worn)
Potions
 b - a potion of magic

Dungeon Overview and Level Annotations

Branches:
Dungeon (1/15)

Altars:

# .#
####..#
###..#..#
##.......#
#..g<...#
#..#@.###
#..######
#....g..##
##.......#
######g.#
######..#
##..g....#
#.......##
#.g######


You could see a gnoll.


Message History

Your bat skeleton closely misses the gnoll.
Your bat skeleton hits the gnoll but does no damage.
The gnoll hits your bat skeleton with a +1 flail of protection.
Your bat skeleton hits the gnoll but does no damage. x3
The gnoll hits your bat skeleton with a +1 flail of protection.
Your bat skeleton is destroyed!
The gnoll shouts!
You are out of magic!
You start resting.
A gnoll is nearby!
The gnoll writhes in agony.
The gnoll hits you with a +1 flail of protection!
Ouch! That really hurt!
* * * LOW HITPOINT WARNING * * *
You are too injured to fight recklessly!
You are too injured to fight recklessly!
Unknown command.
You are too injured to fight recklessly!
You are too injured to fight recklessly!
Unknown command.
Unknown command.
Casting: Necrotise (safe; 3% risk of failure)
Confirm with . or Enter, or press ? or * to list all spells.
Aiming: Necrotise (safe; 3% risk of failure)
Press: ? - help, Shift-Dir - straight line, f/p - gnoll
Aim: a gnoll, wielding a +1 flail of protection (severely wounded, chance to affect: 78%)
The gnoll writhes in agony.
The gnoll hits you with a +1 flail of protection!
Ouch! That really hurt!
You die...

Action                     || total
---------------------------++-------
   Cast: Necrotise         ||     5
 Armour: Robe              ||     2
  Dodge: Dodged            ||     1

Levels and vault maps discovered:
D:1:      minmay_arrival_wavy_path, layout_rooms, serial_corexii_hall,
          corexii_hall_statues_t, chequers_hall_statues_y,
          chequers_hall_statues_wall_a, serial_shops, shop

Notes
Turn   | Place    | Note
-------+----------+-------------------------------------------
     0 | D:1      | cforsyth the Mountain Dwarf Necromancer began the quest for
                  | the Orb.
     0 | D:1      | Reached XP level 1. HP: 14/14 MP: 3/3
    61 | D:1      | Slain by a gnoll

Vanquished Creatures
  A bat (D:1)
1 creature vanquished.

Table legend: (Time is in decaauts)
 A = Elapsed time spent in this place.
 B = Non-inter-level travel time spent in this place.
 C = Inter-level travel time spent in this place.
 D = Time resting spent in this place.
 E = Time spent auto-exploring this place.
 F = Levels seen in this place.
 G = Mean time per level.
                   A        B        C        D        E       F      G
               +--------+--------+--------+--------+--------+-----+--------+
         Total |     61 |     61 |      0 |      3 |     27 |   1 |   61.0 |
       Dungeon |     61 |     61 |      0 |      3 |     27 |   1 |   61.0 |
               +--------+--------+--------+--------+--------+-----+--------+

Top non-repeatable levels by time:
     D:1: 61 daAuts

Table legend:
 A = Non-vault XP
 B = Vault XP
 C = Vault XP percentage of total XP
 D = Non-vault monster count
 E = Vault monster count
 F = Vault count percentage of total count
                 A         B        C        D         E       F
            +---------+---------+-------+---------+---------+-------
      Total |       2 |       0 |   0.0 |       1 |       0 |   0.0
            +---------+---------+-------+---------+---------+-------
        D:1 |       2 |       0 |   0.0 |       1 |       0 |   0.0
            +---------+---------+-------+---------+---------+-------
